 Dungeon Crawl Stone Soup version 0.24.0-125-gc4c63601f3 (webtiles) character file.

Game seed: 10029123434916236804, levelgen mode: deterministic

557 McKennaii the Poker (level 7, -7/53 HPs)
             Began as a Demonspawn Fighter on Feb 20, 2020.
             Mangled by an ogre
             ... wielding a +0 giant club
              (26 damage)
             ... on level 4 of the Dungeon.
             The game lasted 00:05:51 (2178 turns).

McKennaii the Poker (Demonspawn Fighter)            Turns: 2178, Time: 00:05:51

Health: -7/53      AC: 10    Str: 19    XL:     7   Next: 9%
Magic:  7/7        EV:  5    Int:  9    God:
Gold:   97         SH:  9    Dex: 12    Spells: 6/6 levels left

rFire    . . .     SeeInvis .   a - +0 trident
rCold    + . .     Gourm    .   c - +0 shield
rNeg     . . .     Faith    .   e - +0 chain mail
rPois    .         Spirit   .   g - +0 helmet
rElec    .         Reflect  .   (no cloak)
rCorr    .         Harm     .   (no gloves)
MR       .....                  (no boots)
Stlth    ..........             (no amulet)
HPRegen  0.17/turn              h - ring of protection from cold
MPRegen  0.10/turn              (no ring)

@: no status effects
A: talons 1, nightstalker 1, powered by death 2
a: no special abilities


You were on level 4 of the Dungeon.
You were not hungry.

You visited 1 branch of the dungeon, and saw 4 of its levels.
You also visited: Ossuary.

You collected 97 gold pieces.

Inventory:

Hand Weapons
 a - a +0 trident (weapon)
Armour
 c - a +0 shield (worn)
 e - a +0 chain mail (worn)
 g - a +0 helmet (worn)
Jewellery
 h - a ring of protection from cold (left hand)
Scrolls
 i - 2 scrolls of remove curse {unknown}
 j - 5 scrolls of identify {unknown}
 l - a scroll of enchant weapon {unknown}
 m - 2 scrolls of noise {unknown}
 o - a scroll of teleportation {unknown}
 p - a scroll of blinking {unknown}
 q - a scroll of amnesia {unknown}
 t - a scroll of holy word {unknown}
Potions
 b - 2 potions of lignification {unknown}
 d - 3 potions of might
 k - 3 potions of brilliance {unknown}
 n - a potion of berserk rage {unknown}
 r - 3 potions of flight {unknown}
 s - a potion of degeneration {unknown}
Comestibles
 f - 3 rations


   Skills:
 + Level 3.7 Fighting
 * Level 5.6 Polearms
 + Level 3.7 Armour
 + Level 0.8 Dodging
 + Level 3.6 Shields


You had 6 spell levels left.
You didn't know any spells.
Your spell library was empty.

Dungeon Overview and Level Annotations

Branches:
Dungeon (5/15)            Ossuary (visited)
 Temple: D:4-7

Altars:
Elyvilon
Gozag
Hepliaklqana
Kikubaaqudgha
Qazlal

Annotations:
D:4 Robin


Innate Abilities, Weirdness & Mutations

You have sharp toenails.
You are slightly more attuned to the shadows.
You regenerate health from kills.


Message History

There is a stone staircase leading up here.
You climb upwards.
Level annotation: Robin An ogre comes into view.
It is wielding a +0 giant club.
Found a scroll labeled WATOGU BIUZESS.
There is a stone staircase leading down here.
An ogre is nearby!
The ogre shouts!
Attack whom?
Press: ? - help, Dir - move target cursor, f - ogre
Aim: an ogre, wielding a +0 giant club You reach to attack!
You puncture the ogre!
The ogre is moderately wounded.
You puncture the ogre! You claw the ogre, but do no damage.
The ogre is severely wounded.
The ogre hits you with a +0 giant club!!
You closely miss the ogre.
The ogre is severely wounded.
The ogre hits you with a +0 giant club!!
You die...

## # #. .#
#.##.####
#####........
......@O.....
###...?......
.............
.##.#........
#.#........ #
#........
#.#+#####


You could see an ogre.

Vanquished Creatures
  An ice beast (D:5)
  A phantom (D:5)
  3 water moccasin zombies (Ossuary)
  4 big kobold zombies (Ossuary)
  2 mummies (Ossuary)
  2 adders (D:2)
  An ooze (D:1)
  An adder skeleton (D:5)
  5 adder zombies (Ossuary)
  4 worms (D:2)
  A leopard gecko (D:1)
  4 giant cockroaches
  3 gnoll zombies (Ossuary)
  9 goblins
  4 hobgoblins
  7 kobolds
  2 quokkas (D:2)
  8 bats
  8 frilled lizards
  4 hobgoblin zombies (Ossuary)
  2 kobold zombies (Ossuary)
  5 orc zombies (Ossuary)
  3 rats
84 creatures vanquished.

Notes
Turn   | Place    | Note
-------+----------+-------------------------------------------
     0 | D:1      | McKennaii the Demonspawn Fighter began the quest for the
                  | Orb.
     0 | D:1      | Reached XP level 1. HP: 18/18 MP: 1/1
    61 | D:1      | Reached skill level 2 in Polearms
    68 | D:1      | Gained mutation: You have sharp toenails. [demonic
                  | ancestry]
    68 | D:1      | Reached XP level 2. HP: 24/24 MP: 2/2
   280 | D:1      | Gained mutation: You are slightly more attuned to the
                  | shadows. [demonic ancestry]
   280 | D:1      | Reached XP level 3. HP: 26/29 MP: 3/3
  1119 | D:2      | Reached skill level 3 in Polearms
  1225 | D:2      | Gained mutation: You regenerate a little health from kills.
                  | [demonic ancestry]
  1225 | D:2      | Reached XP level 4. HP: 30/35 MP: 4/4
  1333 | D:2      | You fall into a shaft and drop 2 floors!
  1333 | D:4      | Noticed Robin
  1336 | D:5      | Entered Level 5 of the Dungeon
  1343 | D:5      | Found a hazy altar of Hepliaklqana.
  1368 | D:5      | Found an ancient bone altar of Kikubaaqudgha.
  1383 | D:5      | Found a stormy altar of Qazlal.
  1383 | D:5      | Found a white marble altar of Elyvilon.
  1385 | D:5      | Found an opulent altar of Gozag.
  1467 | D:5      | Noticed an ice beast
  1479 | D:5      | Killed an ice beast
  1479 | D:5      | Reached skill level 4 in Polearms
  1479 | D:5      | Gained mutation: You regenerate health from kills. [demonic
                  | ancestry]
  1479 | D:5      | Reached XP level 5. HP: 33/41 MP: 5/5
  1598 | D:5      | Found a sand-covered staircase.
  1604 | Ossuary  | Entered an ossuary
  1654 | Ossuary  | Reached XP level 6. HP: 38/47 MP: 6/6
  1765 | Ossuary  | Reached skill level 5 in Polearms
  2159 | D:5      | Reached XP level 7. HP: 39/53 MP: 7/7
  2178 | D:4      | Mangled by an ogre

Levels and vault maps discovered:
D:1:      dpeg_arrival_long_road, layout_rooms
D:2:      layout_loops_ring, led_sif_pool, first_ration, serial_glass,
          glass_columns_a, glass_columns_b, st_stairs_14
D:4:      layout_basic, nicolae_dithmenos_through_a_glass_darkly,
          overflow_temple_1_default, serial_shops, nicolae_shop_crystal,
          xom_teletrap_fun, uniq_robin, uniq_crazy_yiuf_cottage
D:5:      layout_basic, kiku_gazebo_garden_becter,
          gammafunk_temple_overflow_forgotten, old_standard_altar,
          nicolae_ossuary_entry_plus

Skill      XL: |  1  2  3  4  5  6 |
---------------+-------------------+-----
Polearms       | 2 3 4 5 |  5.6
Shields        | 3 |  3.6
Armour         | 3 |  3.7
Fighting       | |  3.7
Dodging        | |  0.8

Action                   |  1- 3 |  4- 6 |  7- 9 || total
-------------------------+-------+-------+-------++-------
Melee: Trident           |   146 |   183 |     3 ||   332
       Kick              |    22 |    54 |     1 ||    77
  Use: Potion            |       |     1 |       ||     1
  Eat: Chunk             |     1 |     1 |       ||     2
       Ration            |       |     1 |       ||     1
Armor: Chain mail        |    71 |    65 |       ||   136
       Scale mail        |     2 |       |       ||     2
Dodge: Dodged            |    36 |    31 |       ||    67
Block: Shield            |    71 |    54 |       ||   125
